 Dungeon Crawl Stone Soup version 0.15-a0-35-ga771cbd (webtiles) character file.

286 4tharraofdagon the Shield-Bearer (level 6, 4/49 HPs)
             Began as a Formicid Fighter on Apr 2, 2014.
             Quit the game on Level 6 of the Dungeon.
             The game lasted 00:04:14 (926 turns).

4tharraofdagon the Shield-Bearer (Formicid Fighter)  Turns: 926, Time: 00:04:14

HP   4/49        AC  8     Str 20      XL: 6   Next: 35%
MP   8/8         EV  7     Int 10      God:
Gold 36          SH 19     Dex 10      Spells:  0 memorised,  5 levels left

rFire  . . .     SeeInvis +     a - +0 war axe
rCold  . . .     Clarity  .     b - +0 scale mail
rNeg   . . .     Conserve .     c - +0 shield
rPois  .         rCorr    .     (helmet unavailable)
rElec  .         rRot     .     k - +0 cloak
SustAb + .       Spirit   .     (no gloves)
rMut   .         Warding  .     (no boots)
Saprov . . .     Stasis   +     (no amulet)
MR     .....                    (no ring)
                                j - ring of sustain abilities {unknown}

@: lethally poisoned, not resistant to hostile enchantments, extremely
unstealthy
A: permanent stasis, dig shafts and tunnels, four strong arms, antennae 3
a: Dig, Shaft Self


You were on level 6 of the Dungeon.
You were not hungry.

You visited 1 branch of the dungeon, and saw 7 of its levels.

You collected 36 gold pieces.

Inventory:

Hand weapons
 a - a +0,+0 war axe (weapon)
Missiles
 m - 24 darts (quivered)
Armour
 b - a +0 scale mail (worn)
 c - a +0 shield (worn)
 k - a +0 cloak (worn)
Comestibles
 d - a bread ration
 f - 2 meat rations
 i - 3 apples
Scrolls
 h - 2 scrolls of remove curse {unknown}
 l - 2 scrolls of identify {unknown}
 n - a scroll of amnesia {unknown}
 o - a scroll of fear {unknown}
Jewellery
 j - a ring of sustain abilities (left hand) {unknown}
Potions
 e - a potion of might


   Skills:
 + Level 4.3 Fighting
 * Level 4.4 Axes
 + Level 4.2 Armour
 + Level 4.7 Shields


You had 5 spell levels left.
You didn't know any spells.

Dungeon Overview and Level Annotations

Branches:
Dungeon (7/15)
 Temple: D:4-7

Altars:
Elyvilon

Annotations:
D:7 Joseph


Innate Abilities, Weirdness & Mutations

Your are under a permanent stasis effect.
You can dig through walls and to a lower floor.
Your four strong arms can wield two-handed weapons with a shield.
You have a pair of large antennae on your head (SInv).


Message History

You cut the iguana into ribbons!
The iguana is heavily wounded!
You feel sick!
The worker ant bites you but does no damage!
The iguana barely misses you! The worker ant bites you!
* * * LOW HITPOINT WARNING * * *
You are lethally poisoned!!!
The worker ant poisons you!!!
Unknown command!
You carve the worker ant like a ham!
The worker ant is moderately wounded!
You closely miss the iguana!
The iguana is heavily wounded!
* * * LOW HITPOINT WARNING * * *
You feel sick! The worker ant bites you!
* * * LOW HITPOINT WARNING * * *
The iguana bites you but does no damage!
You block the worker ant's attack!
Unknown command!
Are you sure you want to abandon this character and quit the game? (Confirm with "yes"!)

.......# ######.# #.#
###'##########
#............#
#............#
#............#
#............#######
#............@%....# #
#............la....#
######+########.......#
.......... #.......#
..........## #.......#
............ ........#
...........# ........
...........# #.......
##...#+###.###.###


You could see an iguana and a worker ant.

Vanquished Creatures
  A giant frog (D:6)
  A centaur zombie (D:6)
  A worker ant (D:5)
  An iguana (D:5)
  A hound skeleton (D:4)
  4 gnolls (D:2)
  A shadow imp (D:5)
  An adder (D:6)
  An orc (D:4)
  2 bats
  3 giant cockroaches
  4 hobgoblins
  4 kobolds
  A giant gecko zombie (D:6)
  4 goblins
  A hobgoblin skeleton (D:6)
  A quokka (D:4)
  3 rats
35 creatures vanquished.

Notes
Turn   | Place    | Note
--------------------------------------------------------------
     0 | D:1      | 4tharraofdagon, the Formicid Fighter, began the quest for the Orb.
     0 | D:1      | Reached XP level 1. HP: 18/18 MP: 1/1
   136 | D:1      | Reached XP level 2. HP: 22/24 MP: 3/3
   344 | D:2      | Reached XP level 3. HP: 25/29 MP: 4/4
   355 | D:2      | HP: 1/29 [gnoll/spear (4)]
   366 | D:2      | Reached XP level 4. HP: 1/37 MP: 5/5
   605 | D:4      | Reached skill level 4 in Shields
   641 | D:5      | Entered Level 5 of the Dungeon
   697 | D:5      | Reached XP level 5. HP: 24/42 MP: 7/7
   798 | D:6      | Reached XP level 6. HP: 18/48 MP: 8/8
   824 | D:6      | Found a white marble altar of Elyvilon.
   858 | D:7      | Noticed Joseph
   926 | D:6      | Quit the game

Action                   |  1- 3 |  4- 6 || total
-------------------------+-------+-------++-------
Melee: War axe           |    46 |   101 ||   147
  Use: Potion            |     4 |     4 ||     8
